 Dungeon Crawl Stone Soup version 0.29-a0-322-g68df515428 (webtiles) character file.

Game seed: 949808692488959359

573546 siradein the Slayer (level 25, -77/235 HPs)
             Began as a Red Draconian Summoner on Apr 4, 2022.
             Was an Initiate of Gozag.
             Killed from afar by an orb of fire (104 damage)
             ... with a fireball
             ... on level 5 of the Realm of Zot on Apr 6, 2022.
             The game lasted 08:08:16 (101740 turns).

siradein the Slayer (Red Draconian Summoner)      Turns: 101740, Time: 08:08:16

Health: -77/235    AC: 18    Str: 13    XL:     25   Next: 71%
Magic:  35/43      EV: 34    Int: 38    God:    Gozag
Gold:   227        SH:  0    Dex: 15    Spells: 8/56 levels left

rFire   . . .      SeeInvis +     - Unarmed
rCold   . . .      Faith    .   (shield currently unavailable)
rNeg    + . .      Spirit   .   (body armour unavailable)
rPois   ∞          Reflect  .   (helmet currently unavailable)
rElec   +          Harm     .   (cloak currently unavailable)
rCorr   +          Rampage  .   (gloves currently unavailable)
Will    +++..                   (boots currently unavailable)
Stlth   ++........              L - amulet of magic regeneration
HPRegen 0.49/turn               Y - ring "Wuptamem" {Will+ rCorr SInv}
MPRegen 0.68/turn               Z - ring "Liyfalot" {rN+ Will+ Str+2 Int+9 Dex+3}

@: about to teleport, storm-form, corroded, gold aura, flying, studying 3 skills
A: cleaving, flying, (breathe fire), AC +12, unfitting armour, (fire resistance
1), (cold-blooded), (stinger 1), (talons 1), clever 1
}: 3/15 runes: decaying, silver, gossamer
a: Blinkbolt, End Transformation, Renounce Religion, Potion Petition, Call
Merchant, Bribe Branch


You were on level 5 of the Realm of Zot.
You worshipped Gozag.
Gozag was aware of your devotion.
You were a lightning-filled tempest!
You visited 10 branches of the dungeon, and saw 49 of its levels.
You visited 1 bazaar.
You also visited: Ossuary and Ice Cave.

You collected 28254 gold pieces.
You spent 11517 gold pieces at shops.
You paid 16510 gold pieces to Gozag.

Inventory:

Armour
 m - the +3 pair of gauntlets of War (melded) {Slay+5}
   (You bought it in a shop on level 2 of the Orcish Mines)

   Slay:      It affects your accuracy & damage with ranged weapons and melee
   (+5).
 s - the +4 dragonskin cloak (melded)
   (You took it off Tiamat on level 3 of the Realm of Zot)

   It grants the wearer a chance to resist fire, cold, poison, electricity,
   acid, and negative energy.
 A - the -2 hat of the Alchemist (melded) {rElec rPois rF+ rC+ rN+ Will+ rMut rCorr}
   (You bought it in a shop on level 2 of the Orcish Mines)

   rF:        It protects you from fire.
   rC:        It protects you from cold.
   rElec:     It insulates you from electricity.
   rPois:     It protects you from poison.
   rN:        It protects you from negative energy.
   rCorr:     It protects you from acid and corrosion.
   rMut:      It protects you from mutation.
   Will:      It increases your willpower.
 P - a +3 buckler of protection (melded)
 R - the +3 pair of seven-league boots (melded) {Rampage+∞}
   (You acquired it on level 4 of the Spider Nest)

   Its wearer moves as far as possible in that direction when moving towards
   enemies.
Magical Staves
 t - a staff of earth
 C - a staff of air (melded)
Jewellery
 b - the ring of Yrrunte {rF+ rN+ rCorr Str+3}
   (You found it on level 4 of the Spider Nest)

   [ring of resist corrosion]

   Str:       It affects your strength (+3).
   rF:        It protects you from fire.
   rN:        It protects you from negative energy.
   rCorr:     It protects you from acid and corrosion.
 K - the ring "Wemiobia" {Will+ Slay+3 Stlth+}
   (You acquired it on level 4 of the Realm of Zot)

   [ring of willpower]

   Slay:      It affects your accuracy & damage with ranged weapons and melee
   (+3).
   Will:      It increases your willpower.
   Stlth:     It makes you more stealthy.
 L - an amulet of magic regeneration (around neck)
 W - the amulet of the Air {Inacc Air Fly rElec RMsl}
   (You bought it in a shop on level 2 of the Depths)

   [amulet of nothing]

   It reduces the accuracy of all your attacks.
   It enhances your air magic.
   rElec:     It insulates you from electricity.
   Fly:       It grants you flight.
   RMsl:      It protects you from missiles.
 X - the amulet "Cuicail" {Reflect Dex+4 SH+5}
   (You found it on level 3 of the Depths)

   [amulet of reflection]

   It reflects blocked missile attacks.
   Dex:       It affects your dexterity (+4).
   SH:        It affects your SH (+5).
 Y - the ring "Wuptamem" (left fist) {Will+ rCorr SInv}
   (You found it in an ice cave)

   [ring of willpower]

   SInv:      It lets you see invisible.
   rCorr:     It protects you from acid and corrosion.
   Will:      It increases your willpower.
 Z - the ring "Liyfalot" (right fist) {rN+ Will+ Str+2 Int+9 Dex+3}
   (You acquired it on level 12 of the Dungeon)

   [ring of willpower]

   Str:       It affects your strength (+2).
   Int:       It affects your intelligence (+9).
   Dex:       It affects your dexterity (+3).
   rN:        It protects you from negative energy.
   Will:      It increases your willpower.
Wands
 j - a wand of acid (33)
 k - a wand of polymorph (5)
 l - a wand of digging (24)
 B - a wand of flame (104)
 J - a wand of mindburst (28)
 N - a wand of iceblast (32)
 S - a wand of paralysis (4)
 V - a wand of charming (5)
Scrolls
 d - 9 scrolls of blinking
 g - 3 scrolls of amnesia
 i - 18 scrolls of fog
 o - 18 scrolls of teleportation
 p - 7 scrolls of immolation
 r - 5 scrolls of magic mapping
 u - 7 scrolls of enchant armour
 v - 8 scrolls of fear
 y - 9 scrolls of enchant weapon
 D - 5 scrolls of holy word
 H - 4 scrolls of summoning
 O - 3 scrolls of silence
Potions
 a - 6 potions of magic
 c - 15 potions of might
 h - 12 potions of berserk rage
 n - 4 potions of resistance
 q - 36 potions of curing
 w - 11 potions of heal wounds
 x - 12 potions of brilliance
 I - 7 potions of haste
 M - 13 potions of ambrosia
 Q - 5 potions of invisibility
 T - 5 potions of mutation
 U - 2 potions of cancellation
Miscellaneous
 e - a phial of floods
 f - a condenser vane
 z - a tin of tremorstones (2/2)
 E - a phantom mirror
 F - a lightning rod (4/4)
 G - a box of beasts


   Skills:
 + Level 21.0 Fighting
 + Level 18.6 Dodging
 - Level 1.7 Stealth
 - Level 7.0 Shields
 + Level 17.6 Unarmed Combat
 + Level 16.4 Spellcasting
 + Level 19.4 Summonings
 - Level 11.0 Translocations
 + Level 17.7 Transmutations
 + Level 15.7 Air Magic
 - Level 7.0 Earth Magic
 - Level 10.0 Evocations


You had 8 spell levels left.
You knew the following spells:

 Your Spells              Type           Power      Damage    Failure   Level
a - Summon Lightning Spi  Summ/Air       100%       N/A       0%          4
b - Storm Form            Tmut/Air       51%        N/A       1%          7
c - Summon Hydra          Summ           54%        N/A       1%          7
d - Summon Horrible Thin  Summ           54%        N/A       2%          8
e - Dragon's Call         Summ           54%        N/A       36%         9
f - Statue Form           Tmut/Erth      60%        N/A       1%          6
h - Apportation           Tloc           100%       N/A       0%          1
i - Summon Cactus Giant   Summ           54%        N/A       1%          6

Your spell library contained the following spells:

 Spells                   Type           Power      Damage    Failure   Level
 Summon Small Mammal      Summ           100%       N/A       0%          1
 Call Imp                 Summ           100%       N/A       0%          2
 Passwall                 Tmut/Erth      75%        N/A       0%          2
 Call Canine Familiar     Summ           100%       N/A       0%          3
 Airstrike                Air            50%        N/A       0%          4
 Animate Skeleton         Necr           62%        N/A       1%          1
 Freeze                   Ice            100%       1d11      1%          1
 Magic Dart               Conj           100%       1d8       1%          1
 Pain                     Necr           100%       1d9       1%          1
 Sandblast                Erth           100%       2d20      1%          1
 Corpse Rot               Necr/Air       100%       N/A       1%          2
 Poisonous Vapours        Pois/Air       100%       N/A       1%          2
 Scorch                   Fire           62%        2d8       1%          2
 Sublimation of Blood     Necr           31%        N/A       1%          2
 Gell's Gravitas          Tloc           86%        N/A       1%          3
 Ignite Poison            Fire/Tmut/Pois 66%        N/A       1%          3
 Mephitic Cloud           Conj/Pois/Air  63%        N/A       1%          3
 Spider Form              Tmut/Pois      78%        N/A       1%          3
 Stone Arrow              Conj/Erth      100%       3d13      1%          3
 Summon Guardian Golem    Hex/Summ       81%        N/A       1%          3
 Teleport Other           Tloc           86%        N/A       1%          3
 Passage of Golubria      Tloc           86%        N/A       1%          4
 Petrify                  Tmut/Erth      90%        N/A       1%          4
 Blade Hands              Tmut           52%        N/A       1%          5
 Irradiate                Conj/Tmut      39%        3d26      1%          5
 Lightning Bolt           Conj/Air       37%        1d55      1%          5
 Silence                  Hex/Air        37%        N/A       1%          5
 Summon Forest            Summ/Tloc      49%        N/A       1%          5
 Dispersal                Tloc           43%        N/A       1%          6
 Dragon Form              Tmut           52%        N/A       1%          7
 Leda's Liquefaction      Hex/Erth       27%        N/A       2%          4
 Frozen Ramparts          Ice            62%        1d8       3%          3
 Inner Flame              Hex/Fire       31%        N/A       3%          3
 Ozocubu's Armour         Ice            31%        N/A       3%          3
 Vampiric Draining        Necr           31%        2d8       3%          3
 Freezing Cloud           Conj/Ice/Air   31%        6-21      3%          5
 Conjure Ball Lightning   Conj/Air       37%        3x3d12    6%          6
 Borgnjor's Vile Clutch   Necr/Erth      27%        N/A       7%          5
 Animate Dead             Necr           15%        N/A       11%         4
 Cause Fear               Hex            15%        N/A       11%         4
 Flame Wave               Conj/Fire      31%        2d8       11%         4
 Fulminant Prism          Conj/Hex       15%        3d11      11%         4
 Hailstorm                Conj/Ice       31%        3d8       11%         4
 Olgreb's Toxic Radiance  Pois           31%        N/A       11%         4
 Maxwell's Capacitive Co  Air            50%        ∞         11%         8
 Agony                    Necr           31%        N/A       28%         5
 Excruciating Wounds      Necr           15%        N/A       28%         5
 Fireball                 Conj/Fire      15%        3d8       28%         5
 Iskenderun's Battlesphe  Conj           31%        2d8       28%         5
 Metabolic Englaciation   Hex/Ice        15%        N/A       28%         5
 Iron Shot                Conj/Erth      27%        9d6       36%         6
 Death Channel            Necr           15%        N/A       85%         6
 Simulacrum               Ice/Necr       15%        N/A       85%         6
 Necromutation            Tmut/Necr      39%        N/A       88%         8
 Orb of Destruction       Conj           15%        9d7       100%        7
 Ozocubu's Refrigeration  Ice            15%        4d8       100%        7
 Discord                  Hex            15%        N/A       100%        8
 Ignition                 Fire           15%        3d6       100%        8
 Lehudib's Crystal Spear  Conj/Erth      27%        10d7      100%        8
 Polar Vortex             Ice            15%        N/A       100%        9
 Animate Armour           Summ/Erth      Unusable   N/A       N/A         4

Dungeon Overview and Level Annotations

Branches:
Dungeon (15/15)            Temple (1/1) D:6            Lair (6/6) D:10
  Swamp (4/4) Lair:4       Spider (4/4) Lair:2        Slime (0/5) Lair:6
    Orc (2/2) D:10            Elf (3/3) Orc:2        Vaults (5/5) D:13
  Crypt (0/3) Vaults:3     Depths (4/4) D:15            Zot (5/5) Depths:4
Ossuary (visited)           IceCv (visited)

Altars:
Ashenzari
Cheibriados
Dithmenos
Elyvilon
Fedhas
Gozag
Hepliaklqana
Kikubaaqudgha
Makhleb
Nemelex Xobeh
Okawaru
Qazlal
Ru
Sif Muna
Trog
Uskayaw
Vehumet
Wu Jian
Xom
Yredelemnul
Zin
The Shining One
Beogh
Jiyva

Shops:
D:4 !   D:9 =   D:10 *   D:15 :   Orc:2 =?*[=   Elf:1 !   Elf:2 ?   Elf:3 (=
Lair:3 [   Swamp:2 :   Vaults:2 ![   Vaults:4 *   Zot:1 :   Depths:1 *
Depths:2 =   Depths:3 ?   Depths:4 :

Portals:
Hell: Depths:1 Depths:2 Depths:3 Depths:4
Abyss: Depths:3
Pandemonium: Depths:2
Ziggurat: Depths:3

Annotations:
Vaults:2 2 transporters


Innate Abilities, Weirdness & Mutations

You are a lightning-filled tempest!
Your electrical attacks strike out in all directions at once.
You are incredibly evasive.
You are flying.
You are immune to poison.
Your armour is entirely melded.
You are incapable of wielding weapons or throwing items.
((You can breathe blasts of fire.))
((Your fiery red scales are hard. (AC +12)))
You cannot fit into any form of body armour.
((Your flesh is heat resistant. (rF+)))
((You are cold-blooded and may be slowed by cold attacks.))
((Your tail ends in a venomous barb.))
((You have sharp toenails.))
Your mind is acute. (Int +2)


Message History

The Orb Guardian refuses to make way for you. (Use ctrl+direction or * direction to attack.) Unknown command.
Unknown command.
Unknown command.
A green draconian comes into view. It is wielding a +0 short sword.
The green draconian roars!
The orb of fire glows yellow.
The Orb Guardian twists and deforms.
The quicksilver dragon misses the orb of fire.
The quicksilver dragon claws the orb of fire.
The orb of fire emits a lurid red light.
The fireball explodes!
The fireball engulfs the Orb Guardian!!!
The Orb Guardian dies!
The fireball engulfs the orb of fire.
The orb of fire completely resists.
The fireball engulfs your four-headed hydra!!!!
Your four-headed hydra dies!
Your four-headed hydra's corpse disappears in a puff of smoke!
The fireball engulfs you!!!
* * * LOW HITPOINT WARNING * * *
The Orb Guardian hits the Orb Guardian!!
The Orb Guardian hits the orb of fire!!
The Orb Guardian hits the orb of fire!
The quicksilver dragon bites the orb of fire!!
The quicksilver dragon claws the orb of fire.
You hear a shout!
You see here 18 gold pieces.
You feel much better.
The Orb Guardian barely misses the Orb Guardian.
The orb of fire glows yellow.
The bolt of fire hits the orb of fire.
The orb of fire completely resists.
The bolt of fire hits the orb of fire.
The orb of fire completely resists.
The bolt of fire hits you!!!
* * * LOW HITPOINT WARNING * * *
An Orb Guardian comes into view.
The Orb Guardian hits the orb of fire!!
The quicksilver dragon misses the orb of fire. x2
The orb of fire glows deep purple.
The fireball explodes!
The fireball engulfs you!!!!
You die...
Your body crumbles into a pile of gold.

#.............^......#
#........X....^d.....#
#......D*.X..........#
#.....9*XX...d..X....#
#....X.*..$.X........#
#....^...$.$.........#
#...§.$............#
#..§.*..........[##
##.§.v........^.##
▓################
#.....#..##### #######
#........#.#.###...##.
#........#...##.^...##
#..##........'.......#
#######..^..##.......'
##......###.......#
#.....### ##.....##


You could see 3 orbs of fire, an electric golem, a tentacled monstrosity, a
green draconian, a quicksilver dragon (distracted), 3 Orb Guardians, a neutral
orb of fire (distracted) and 2 neutral Orb Guardians.

Vanquished Creatures
  Tiamat (Zot:3)
  3 dread liches
  Boris (Vaults:5)
  2 caustic shrikes (Depths:3)
  A curse toe (Zot:1)
  9 golden dragons
  A bone dragon (Depths:4)
  An electric golem (Zot:2)
  A walking earthen tome (Depths:3)
  8 tentacled monstrosities
  A walking crystal tome (Depths:3)
  2 deep elf blademasters
  2 deep elf master archers (Elf:3)
  3 liches
  5 Orb Guardians (Zot:5)
  2 titans
  5 quicksilver dragons
  5 sphinxes
  6 shadow dragons
  4 death cobs
  13 storm dragons
  5 tengu reavers
  4 draconian monks
  The ghost of spaghetti the Black Belt, an adept DsBe of Trog (Spider:3)
  5 draconian knights
  Roxanne (D:15)
  5 iron dragons
  8 fire giants
  Louise (Depths:3)
  5 deep elf sorcerers (Elf:3)
  5 frost giants
  An emperor scorpion (Spider:4)
  9 draconian shifters
  7 vault wardens
  7 draconian scorchers
  7 deep elf elementalists (Elf:3)
  A balrug (Depths:4)
  An orc warlord (Vaults:1)
  3 war gargoyles
  7 draconian stormcallers
  2 ironbound thunderhulks
  8 draconian annihilators
  9 ironbound preservers
  14 very ugly things
  3 spriggan defenders
  5 vampire knights
  A broodmother (Spider:3)
  14 stone giants
  2 deep elf demonologists
  6 green draconians
  3 entropy weavers (Spider:3)
  19 black draconians
  7 yellow draconians
  21 red draconians
  The ghost of indyram44 the Spear-Bearer, a journeyman DsGl of Okawaru (Lair:6)
  A bunyip (shapeshifter) (Depths:3)
  5 deep elf annihilators
  A minotaur (Lair:4)
  5 spark wasps
  A dire elephant (shapeshifter) (Vaults:5)
  9 purple draconians
  15 white draconians
  7 fire dragons
  A jiangshi (Depths:1)
  8 deep elf death magi
  10 ettins
  The ghost of Zun Lasmi the Thaumaturge, a journeyman VSTm of Dithmenos (Lair:4)
  5 deep elf high priests
  11 yaktaur captains
  4 rakshasas
  A great orb of eyes (Depths:2)
  2 ice dragons
  6 ogre magi
  A boulder beetle (Spider:1)
  A hell beast (Depths:2)
  4 hydras
  A peacekeeper (Vaults:4)
  A quicksilver dragon skeleton (Depths:2)
  A ghost crab (Spider:2)
  A radroach (Spider:1)
  9 two-headed ogres
  25 vault guards
  A centaur warrior (D:15)
  An ironbound frostheart (Vaults:3)
  5 deep troll shamans
  4 tengu warriors
  2 hell hogs (Depths:4)
  An alligator (Swamp:1)
  7 hell knights
  A shock serpent (shapeshifter) (Vaults:5)
  8 deep troll earth magi
  3 vampire magi
  A death yak (Lair:6)
  A death yak (shapeshifter) (Vaults:5)
  4 spriggan berserkers (Depths:4)
  3 spriggans (Depths:4)
  7 sun demons (Depths:2)
  An iron troll (shapeshifter) (Vaults:5)
  9 deep elf knights
  7 iron trolls
  A sea snake (shapeshifter) (Vaults:5)
  A storm dragon skeleton (Depths:3)
  A spriggan druid (Elf:1)
  2 glowing orange brains
  2 tengu zombies
  A deep troll (shapeshifter) (Depths:3)
  37 deep trolls
  An orb spider (Spider:3)
  11 deep elf archers
  3 wizards
  3 phantasmal warriors
  3 flayed ghosts
  An orange crystal statue (Depths:1)
  3 harpies
  6 ironbound convokers
  8 necromancers
  An orc knight (Vaults:1)
  12 deep elf pyromancers
  3 wolf spiders
  A will-o-the-wisp (Swamp:1)
  A cyclops (D:15)
  21 deep elf zephyrmancers
  An oklob plant (Spider:3)
  2 shining eyes
  A shadow dragon skeleton (Depths:2)
  6 ugly things
  A glowing shapeshifter (Vaults:5)
  A cyclops (shapeshifter) (Vaults:5)
  17 moths of wrath
  A black mamba (shapeshifter) (Elf:1)
  A black mamba (Lair:4)
  An elephant (Lair:6)
  2 salamanders
  A frost giant skeleton (Depths:2)
  8 vault sentinels
  2 fire giant skeletons
  A stone giant skeleton (Depths:2)
  A cane toad (Lair:4)
  A smoke demon (Depths:4)
  3 eyes of devastation (Depths:2)
  2 ice statues (IceCv)
  12 yaktaurs
  2 unseen horrors (Depths:1)
  A tormentor (Depths:2)
  2 efreet
  A freezing wraith (Vaults:5)
  A tengu conjurer (Depths:1)
  5 tyrant leeches
  A merfolk (shapeshifter) (Vaults:5)
  A troll (D:12)
  A red devil (Depths:2)
  3 hornets (Depths:4)
  A meliai (Spider:1)
  Prince Ribbit (D:6)
  13 slime creatures
  A raiju (shapeshifter) (D:15)
  A tarantella (Spider:4)
  4 blink frogs
  4 jumping spiders
  An air elemental (Elf:1)
  3 culicivoras
  7 yaks
  2 water elementals (Elf:3)
  A fire bat (shapeshifter) (Depths:3)
  A steam dragon (shapeshifter) (Vaults:5)
  A basilisk (D:15)
  14 fire elementals
  A chaos spawn (Depths:2)
  6 redbacks
  A steam dragon (D:9)
  A swamp worm (Swamp:3)
  5 vampire mosquitoes
  A two-headed ogre zombie (D:10)
  An acid dragon (shapeshifter) (Depths:3)
  Duvessa (D:7)
  An acid dragon (D:9)
  4 water moccasins
  A floating eye (Depths:2)
  A hell hound (Depths:2)
  An ogre skeleton (Vaults:1)
  A swamp drake (Swamp:4)
  3 orc warriors
  A sky beast (Depths:2)
  5 ogres
  A centaur (Lair:3)
  10 wolves
  5 boggarts
  2 phantoms
  2 kobold brigands
  2 elf zombies (D:5)
  6 bullfrogs
  A human skeleton (Vaults:1)
  A necrophage (D:5)
  A gnoll sergeant (D:7)
  An elf skeleton (D:5)
  A wight (D:7)
  A centaur zombie (Ossuary)
  An orc priest (D:4)
  An iguana (D:7)
  3 orc wizards
  2 ogre zombies (D:10)
  A mummy (Ossuary)
  3 gnolls
  A white imp (D:5)
  2 nameless horrors
  An ufetubus (D:4)
  A worm (D:2)
  9 orcs
  A ball python (D:2)
  2 bats (D:1)
  2 endoplasms (D:1)
  2 goblins (D:2)
  A hobgoblin (D:2)
  A frilled lizard (D:1)
  A goblin skeleton (D:10)
  A hobgoblin zombie (Ossuary)
  5 kobolds
  An orc skeleton (D:5)
  4 orc zombies (D:10)
  A rat (D:1)
  A toadstool (D:12)
855 creatures vanquished.

Vanquished Creatures (collateral kills)
  Mara (Spider:3)
  Saint Roka (Orc:2)
  Arachne (Spider:4)
  2 tentacled monstrosities
  A deep elf blademaster (Depths:3)
  6 sphinxes
  2 acid blobs (Depths:1)
  2 death cobs
  2 shadow dragons
  4 tengu reavers
  2 draconian monks
  A rockslime (Depths:1)
  A fenstrider witch (Swamp:4)
  A fire giant (Depths:1)
  2 deep elf sorcerers (Elf:3)
  3 frost giants
  9 vault wardens
  Aizul (Spider:3)
  3 emperor scorpions
  8 ghost moths
  3 deep elf elementalists (Elf:3)
  A draconian shifter (Zot:4)
  2 orc warlords
  A draconian annihilator (Zot:2)
  2 broodmothers
  10 ironbound preservers
  A war gargoyle (Vaults:4)
  2 deep elf demonologists (Elf:3)
  9 very ugly things
  10 ironbound thunderhulks
  3 green draconians
  An entropy weaver (Vaults:2)
  5 eleionomae
  5 dire elephants
  The ghost of Ruicvywi the Grappler, a journeyman OgTm of Okawaru (Lair:3)
  A black draconian (Zot:4)
  A purple draconian (Zot:4)
  2 yellow draconians
  5 bunyips
  A white draconian (Zot:3)
  2 deep elf annihilators (Elf:3)
  5 spark wasps
  3 red draconians
  Snorg (D:13)
  2 crystal guardians
  3 deep elf high priests
  3 ettins (Depths:3)
  3 fire dragons (Swamp:4)
  A jiangshi (Depths:1)
  A shambling mangrove (Swamp:4)
  A great orb of eyes (Vaults:4)
  6 boulder beetles
  13 vault guards
  7 yaktaur captains
  An ice dragon (Depths:4)
  Fannar (Lair:3)
  3 peacekeepers
  20 hydras
  A jorogumo (Spider:2)
  7 ironbound frosthearts
  5 radroaches
  A centaur warrior (D:13)
  16 two-headed ogres
  5 catoblepae
  27 dancing weapons
  4 ghost crabs
  7 death yaks (Lair:6)
  4 ogre magi
  3 alligators
  3 deep troll earth magi (Vaults:2)
  3 tengu warriors
  Urug (D:10)
  A spriggan berserker (Depths:4)
  A sun demon (Depths:2)
  8 deep elf knights
  2 hell knights
  Sonja (D:10)
  2 fire crabs (Swamp:4)
  7 skeletal warriors (Vaults:3)
  2 sun moths
  3 steelbarb worms
  2 pharaoh ants
  13 swamp dragons
  5 spriggan druids
  34 deep trolls
  10 deep elf archers
  11 orb spiders
  3 goliath frogs
  4 bog bodies
  5 lindwurms
  3 necromancers
  4 harpies
  21 deep elf zephyrmancers
  3 wizards
  A phantasmal warrior (Vaults:2)
  21 deep elf pyromancers
  13 ironbound convokers
  10 orc knights
  18 wolf spiders
  3 orc sorcerers
  23 ugly things
  A tengu skeleton (Vaults:3)
  2 will-o-the-wisps
  7 cyclopes
  12 moths of wrath
  3 manticores
  A stone giant skeleton (Vaults:3)
  Joseph (D:10)
  8 black mambas
  A frost giant skeleton (Vaults:3)
  10 vault sentinels
  A fire giant skeleton (Vaults:3)
  3 elephants
  A rust devil (Depths:2)
  2 unseen horrors
  10 cane toads
  2 gargoyles
  An efreet (D:14)
  8 rime drakes
  7 demonic crawlers
  Maggie (D:10)
  3 torpor snails
  8 komodo dragons
  27 yaktaurs
  A yaktaur skeleton (Vaults:3)
  2 freezing wraiths
  2 tengu conjurers (D:13)
  A troll (D:13)
  A merfolk (shapeshifter) (Depths:3)
  5 polar bears
  11 tyrant leeches
  2 meliai (Spider:1)
  4 nameless horrors
  32 slime creatures
  10 hornets
  12 tarantellas
  11 blink frogs
  A deep troll skeleton (Vaults:3)
  16 jumping spiders
  2 air elementals
  A shadow (D:10)
  3 water elementals
  2 ettin skeletons (Vaults:3)
  17 culicivoras
  5 spriggans
  Sigmund (D:2)
  67 yaks
  2 wraiths
  A death yak simulacrum (Lair:5)
  3 fire elementals
  11 vampire mosquitoes
  6 basilisks
  3 chaos spawn
  30 redbacks
  Edmund (D:6)
  3 steam dragons (Swamp:4)
  17 swamp worms
  12 water moccasins
  2 acid dragons
  2 wargs
  8 swamp drakes
  15 orc warriors
  An ice beast (D:6)
  2 black bears
  23 ogres
  A sky beast (Depths:2)
  33 wolves
  2 boggarts (Vaults:1)
  7 centaurs
  A phantom (D:10)
  3 kobold brigands
  8 bullfrogs
  2 elf zombies
  2 earth elementals (Elf:1)
  Blork the orc (D:6)
  A necrophage (D:8)
  A cane toad simulacrum (Lair:5)
  A gnoll sergeant (D:10)
  3 elf skeletons
  A human skeleton (Vaults:3)
  2 scorpions
  3 wights (D:7)
  A troll zombie (D:10)
  A killer bee (D:9)
  A lindwurm simulacrum (IceCv)
  Dowan (D:7)
  2 elephant simulacra (Lair:5)
  3 electric eels
  2 howler monkeys (D:10)
  9 orc priests
  3 centaur zombies (Ossuary)
  A hound (D:6)
  5 komodo dragon simulacra (IceCv)
  2 jellies
  Crazy Yiuf (D:2)
  A gnoll shaman (D:8)
  3 iguanas
  7 orc wizards
  4 ogre zombies (D:10)
  4 mummies (Ossuary)
  11 gnolls
  9 acid dragon simulacra (IceCv)
  3 adders
  A shadow imp (D:7)
  A white imp (D:7)
  6 steam dragon simulacra (IceCv)
  3 worms (D:2)
  52 orcs
  3 ball pythons
  6 endoplasms
  A giant cockroach (D:3)
  2 goblins
  3 hobgoblins
  19 kobolds
  4 quokkas
  4 bats (D:3)
  2 frilled lizards (D:3)
  A goblin skeleton (D:10)
  A goblin zombie (D:10)
  5 hobgoblin zombies
  8 orc skeletons (D:10)
  7 orc zombies (D:10)
  A rat (D:2)
1263 creatures vanquished.

Vanquished Creatures (others)
  3 Killer Klowns (Zot:5)
  An electric golem (Zot:5)
  A tentacled monstrosity (Zot:5)
  4 Orb Guardians (Zot:5)
  A shadow dragon (Zot:5)
  A fire giant (Vaults:5)
  A green draconian (Zot:5)
  A yellow draconian (Zot:5)
  A white draconian (Zot:5)
  An ironbound frostheart (Vaults:3)
  11 dancing weapons
  A deep elf knight (Elf:1)
  A fire crab (Swamp:4)
  A swamp dragon (Swamp:4)
  An obsidian statue (Zot:5)
  A phantasmal warrior (Vaults:5)
  A deep elf pyromancer (Elf:3)
  A moth of wrath (Zot:5)
  2 tyrant leeches (Spider:2)
  A bloated husk (Swamp:1)
  A steam dragon (Swamp:4)
  A swamp drake (Swamp:4)
  A sky beast (D:6)
  8 foxfires
  53 fungi
  44 plants
  15 snaplasher vines
  4 toadstools (D:12)
163 creatures vanquished.

Grand Total: 2281 creatures vanquished

Notes
Turn   | Place    | Note
-------+----------+-------------------------------------------
     0 | D:1      | siradein the Draconian Summoner began the quest for the
                  | Orb.
     0 | D:1      | Reached XP level 1. HP: 14/14 MP: 3/3
     6 | D:1      | Found a faded altar of an unknown god.
   632 | D:1      | Reached XP level 2. HP: 19/20 MP: 3/5
  1285 | D:1      | Learned a level 2 spell: Call Imp
  1563 | D:2      | Noticed a phantom
  1938 | D:2      | Killed a phantom
  1939 | D:2      | Reached skill level 5 in Summonings
  1939 | D:2      | Reached XP level 3. HP: 5/26 MP: 3/6
  1939 | D:2      | Reached XP level 4. HP: 6/33 MP: 3/7
  1943 | D:2      | Learned a level 3 spell: Call Canine Familiar
  2572 | D:2      | Noticed Sigmund
  2587 | D:2      | Killed Sigmund
  2588 | D:2      | Reached XP level 5. HP: 38/38 MP: 3/8
  2588 | D:2      | Reached XP level 6. HP: 45/45 MP: 3/9
  2691 | D:2      | Found a runed translucent door.
  2692 | D:2      | Noticed Crazy Yiuf
  3712 | D:4      | Found Sugenunk's Distillery.
  3720 | D:4      | Bought a potion of degeneration for 14 gold pieces
  3720 | D:4      | Bought a potion of curing for 42 gold pieces
  3720 | D:4      | Bought a potion of lignification for 42 gold pieces
  4359 | D:4      | Noticed a water moccasin
  4392 | D:3      | Killed a water moccasin
  4726 | D:4      | Your scales start taking on a fiery red colour.
  4726 | D:4      | Reached XP level 7. HP: 50/50 MP: 7/10
  4726 | D:4      | Gained mutation: Your flesh is heat resistant. (rF+) [Red
                  | Draconian growth]
  5067 | D:4      | Learned a level 4 spell: Summon Lightning Spire
  5092 | D:5      | Entered Level 5 of the Dungeon
  5119 | D:5      | Reached skill level 1 in Fighting
  5131 | D:5      | Reached skill level 1 in Unarmed Combat
  5222 | D:5      | Reached skill level 1 in Transmutations
  5222 | D:5      | Reached skill level 1 in Air Magic
  5287 | D:5      | Reached XP level 8. HP: 56/61 MP: 11/11
  5289 | D:5      | Found a sand-covered staircase.
  5300 | D:5      | Reached skill level 2 in Fighting
  5303 | Ossuary  | Entered an ossuary
  5877 | D:6      | Found a staircase to the Ecumenical Temple.
  5887 | Temple   | Entered the Ecumenical Temple
  6128 | Temple   | Became a worshipper of Gozag Ym Sagoz the Greedy
  6171 | D:6      | Noticed Blork the orc
  6180 | D:6      | Killed Blork the orc
  6324 | D:6      | Noticed Edmund
  6365 | D:6      | Killed Edmund
  6366 | D:6      | Reached skill level 3 in Fighting
  6786 | D:6      | Reached XP level 9. HP: 70/70 MP: 10/14
  7010 | D:6      | Found a shimmering blue altar of Sif Muna.
  7021 | D:6      | Got Sif Muna's Compendium of the Volcanoes
  7026 | D:6      | Found a bloodstained altar of Trog.
  7202 | D:6      | Noticed Prince Ribbit
  7213 | D:6      | Killed Prince Ribbit
  7960 | D:7      | Identified the +7 dagger "Neolohi" {chaos, rF+ Will+}
  8109 | D:7      | Noticed a komodo dragon
  8112 | D:7      | Killed a komodo dragon
  8113 | D:7      | Reached skill level 4 in Fighting
  8690 | D:7      | Noticed Duvessa
  8693 | D:7      | Noticed Dowan
  8701 | D:7      | Killed Duvessa
  8706 | D:7      | Killed Dowan
  9025 | D:2      | Killed Crazy Yiuf
 10005 | D:8      | Reached XP level 10. HP: 80/80 MP: 12/16
 10280 | D:9      | Reached skill level 5 in Fighting
 10436 | D:9      | Reached skill level 10 in Summonings
 10515 | D:9      | Noticed a two-headed ogre
 10526 | D:9      | Killed a two-headed ogre
 10890 | D:9      | Reached skill level 5 in Transmutations
 10942 | D:9      | Found a broken altar of Ashenzari.
 10942 | D:9      | Found a glowing silver altar of Zin.
 10942 | D:9      | Found a sparkling altar of Nemelex Xobeh.
 10943 | D:9      | Found a white marble altar of Elyvilon.
 10944 | D:9      | Found an ornate altar of the Wu Jian Council.
 10946 | D:9      | Found a hide-covered altar of Uskayaw.
 11151 | D:9      | Found Urumiemol's Jewellery Emporium.
 11193 | D:9      | Bought a ring of poison resistance for 220 gold pieces
 11484 | D:10     | Entered Level 10 of the Dungeon
 11503 | D:10     | Noticed Urug
 11519 | D:10     | Killed Urug
 11520 | D:10     | Reached skill level 5 in Dodging
 11520 | D:10     | Reached skill level 5 in Unarmed Combat
 11520 | D:10     | Reached skill level 5 in Spellcasting
 11520 | D:10     | Reached skill level 5 in Air Magic
 11979 | D:10     | Found a staircase to the Orcish Mines.
 12068 | D:10     | Reached skill level 6 in Fighting
 12179 | D:10     | Found a staircase to the Lair.
 12185 | D:10     | Noticed Maggie
 12193 | D:10     | Killed Maggie
 12269 | D:10     | Noticed Joseph
 12282 | D:10     | Killed Joseph
 12283 | D:10     | Reached XP level 11. HP: 59/89 MP: 12/19
 12398 | D:10     | Noticed a two-headed ogre
 12405 | D:10     | Killed a two-headed ogre
 12921 | D:10     | Noticed Sonja
 12938 | D:10     | Killed Sonja
 13475 | D:11     | Noticed a two-headed ogre
 13490 | D:11     | Killed a two-headed ogre
 13716 | D:11     | Noticed a four-headed hydra
 13723 | D:11     | Killed a four-headed hydra
 13966 | D:11     | Reached skill level 7 in Fighting
 14205 | D:11     | Noticed a five-headed hydra
 14214 | D:11     | Killed a five-headed hydra
 14262 | D:11     | Learned a level 7 spell: Storm Form
 14459 | D:11     | Identified a scroll of acquirement
 14530 | Lair:1   | Entered Level 1 of the Lair of Beasts
 14532 | Lair:1   | Acquired a staff of air
 14816 | Lair:1   | Reached skill level 1 in Evocations
 15397 | Lair:2   | Reached XP level 12. HP: 100/100 MP: 13/21
 15655 | Lair:2   | Noticed a catoblepas
 16045 | Lair:2   | Found a hole to the Spider Nest.
 16147 | Lair:2   | Killed a catoblepas
 16499 | Lair:2   | Reached skill level 8 in Fighting
 17120 | Lair:3   | Noticed Fannar
 17359 | Lair:3   | Bought a shiny buckler for 217 gold pieces
 17532 | Lair:3   | Found a large runed translucent door.
 17534 | Lair:3   | Found a large runed translucent door.
 17588 | Lair:3   | Killed Fannar
 17665 | Lair:3   | Found a shimmering altar of Xom.
 18248 | Lair:3   | Noticed Ruicvywi's ghost (journeyman OgTm)
 18499 | D:4      | Bought a potion of ambrosia for 112 gold pieces
 18499 | D:4      | Bought a potion of curing for 42 gold pieces
 18499 | D:4      | Bought a potion of mutation for 112 gold pieces
 18499 | D:4      | Bought a potion of cancellation for 112 gold pieces
 18499 | D:4      | Bought 2 potions of curing for 84 gold pieces
 18795 | Lair:4   | Noticed a seven-headed hydra
 19201 | Lair:4   | Found a runed translucent gate.
 19201 | Lair:4   | Noticed an eight-headed hydra
 19202 | Lair:4   | Found a runed translucent gate.
 19202 | Lair:4   | Found a runed translucent gate.
 19289 | Lair:4   | Reached XP level 13. HP: 100/108 MP: 15/24
 20315 | Lair:4   | Reached skill level 9 in Fighting
 21303 | Lair:4   | Noticed a minotaur
 21319 | Lair:4   | Noticed Zun Lasmi's ghost (journeyman VSTm)
 21403 | Lair:4   | Found a staircase to the Swamp.
 21781 | Lair:5   | Found a frozen archway.
 21806 | IceCv    | Entered an ice cave
 22501 | IceCv    | Identified the ring "Wuptamem" {Will+ rCorr SInv}
 22515 | IceCv    | Identified the ring "Dorydeiph" {rC+ rCorr MP+9 Str+4
                  | Slay-6}
 23897 | Lair:6   | Entered Level 6 of the Lair of Beasts
 24333 | Lair:5   | Reached XP level 14. HP: 49/119 MP: 5/26
 24806 | Lair:6   | Reached skill level 10 in Fighting
 24971 | Lair:6   | Found a viscous altar of Jiyva.
 24982 | Lair:6   | Found a staircase to the Slime Pits.
 25251 | Lair:6   | Found a runed translucent door.
 25252 | Lair:6   | Noticed indyram44's ghost (journeyman DsGl)
 26941 | Lair:3   | Killed Ruicvywi's ghost
 26953 | Lair:3   | Identified the +1 pair of boots "Ocoss" {Harm Rampage rF+
                  | MP-9}
 27526 | D:12     | Acquired the ring "Liyfalot" {rN+ Will+ Str+2 Int+9 Dex+3}
 27591 | D:12     | Found a shimmering altar of Xom.
 27594 | D:12     | Found the +7 mace of Variability {chain chaos}
 28425 | Orc:1    | Entered Level 1 of the Orcish Mines
 28505 | D:10     | Bought a scroll of identify for 30 gold pieces
 28505 | D:10     | Bought a scroll of identify for 30 gold pieces
 28512 | D:10     | Bought a book of Scorching for 450 gold pieces
 28519 | D:10     | Learned a level 6 spell: Summon Cactus Giant
 28718 | Orc:1    | You fall into a shaft and drop 1 floor!
 28718 | Orc:2    | Entered Level 2 of the Orcish Mines
 28718 | Orc:2    | Noticed Saint Roka
 28731 | Orc:2    | Found Tiloc's Jewellery Shop.
 29747 | Orc:2    | Reached skill level 10 in Air Magic
 30127 | Orc:1    | Reached XP level 15. HP: 91/128 MP: 17/28
 30133 | Orc:1    | Reached skill level 10 in Transmutations
 30626 | Orc:2    | Killed Saint Roka
 30941 | Orc:2    | Reached skill level 10 in Unarmed Combat
 30957 | Orc:2    | Reached skill level 11 in Fighting
 31315 | Orc:2    | Bought the amulet "Kyzorph" {Acrobat rPois rF+} for 626
                  | gold pieces
 32677 | Orc:2    | Found a staircase to the Elven Halls.
 32834 | Orc:2    | Found Jaemn's Magic Scroll Shop.
 32834 | Orc:2    | Found Poclag's Armour Shoppe.
 32834 | Orc:2    | Found Dapoip's General Store.
 32834 | Orc:2    | Found Gawa's Jewellery Boutique.
 32841 | Orc:2    | Bought a scroll of enchant weapon for 112 gold pieces
 32841 | Orc:2    | Bought a scroll of enchant armour for 112 gold pieces
 32841 | Orc:2    | Bought a scroll of noise for 15 gold pieces
 32841 | Orc:2    | Bought a scroll of fog for 30 gold pieces
 32841 | Orc:2    | Bought a scroll of torment for 112 gold pieces
 32847 | Orc:2    | Bought the +3 pair of gauntlets of War {Slay+5} for 570
                  | gold pieces
 32847 | Orc:2    | Found the +3 pair of gauntlets of War {Slay+5}
 32847 | Orc:2    | Bought the -2 hat of the Alchemist {rElec rPois rF+ rC+ rN+
                  | Will+ rMut rCorr} for 566 gold pieces
 32847 | Orc:2    | Found the -2 hat of the Alchemist {rElec rPois rF+ rC+ rN+
                  | Will+ rMut rCorr}
 32867 | Orc:2    | Bought an amulet of magic regeneration for 510 gold pieces
 33252 | D:13     | Noticed Snorg
 33263 | D:13     | Killed Snorg
 33709 | D:13     | Reached skill level 1 in Shields
 33978 | D:13     | Found a gate to the Vaults.
 34812 | D:14     | Reached skill level 10 in Dodging
 34880 | D:14     | Reached skill level 10 in Spellcasting
 35532 | D:15     | Entered Level 15 of the Dungeon
 35562 | D:15     | Identified the +0 leather armour "Kulamara" {*Slow rN+
                  | Dex+5 Stlth+}
 35564 | D:15     | Noticed Roxanne
 35583 | D:15     | Killed Roxanne
 35624 | D:15     | Learned a level 6 spell: Statue Form
 35713 | D:15     | Reached XP level 16. HP: 139/139 MP: 23/30
 35984 | D:15     | Found a staircase to the Depths.
 36540 | D:15     | Found a shimmering blue altar of Sif Muna.
 36782 | Lair:4   | Reached skill level 1 in Earth Magic
 36789 | Lair:4   | Killed Zun Lasmi's ghost
 37035 | Lair:6   | Killed indyram44's ghost
 37300 | Swamp:1  | Entered Level 1 of the Swamp
 37611 | Swamp:1  | Reached skill level 12 in Fighting
 38495 | Swamp:2  | Noticed a tentacled monstrosity
 38628 | Swamp:2  | Identified the +7 long sword of Wondrous Power {vorpal,
                  | Int+5}
 38669 | Swamp:2  | Killed a tentacled monstrosity
 39018 | Swamp:2  | Bought Segeofif's Collected Works on the Voyage for 364
                  | gold pieces
 39018 | Swamp:2  | Bought a manual of Dodging for 1120 gold pieces
 39018 | Swamp:2  | Bought a manual of Shields for 1120 gold pieces
 39018 | Swamp:2  | Bought the Incunabulum of Flames and Changing for 672 gold
                  | pieces
 39018 | Swamp:2  | Bought a book of Iron for 504 gold pieces
 39025 | Swamp:2  | Learned a level 5 spell: Blade Hands
 39080 | Swamp:2  | Learned a level 5 spell: Summon Forest
 40136 | Swamp:3  | Reached skill level 5 in Shields
 41075 | Swamp:4  | Entered Level 4 of the Swamp
 41789 | Swamp:4  | Reached skill level 1 in Translocations
 41929 | Swamp:4  | Reached XP level 17. HP: 122/148 MP: 17/31
 42660 | Swamp:4  | Learned a level 1 spell: Apportation
 42680 | Swamp:4  | Got a decaying rune of Zot
 42801 | Spider:1 | Entered Level 1 of the Spider Nest
 42878 | Spider:1 | Upgraded the game from 0.29-a0-321-gf1c400731a to
                  | 0.29-a0-322-g68df515428
 46266 | Spider:3 | Noticed Aizul
 46293 | Spider:3 | Killed Aizul
 46737 | Spider:3 | Noticed Mara
 46753 | Spider:3 | Killed Mara
 47068 | Spider:3 | Reached skill level 13 in Fighting
 47272 | Spider:3 | Reached skill level 5 in Earth Magic
 47830 | Spider:3 | HP: 6/149 [spark wasp (8)]
 47830 | Spider:3 | HP: 2/149 [spark wasp (4)]
 48531 | Spider:3 | Found a transporter.
 48547 | Spider:3 | Noticed spaghetti's ghost (adept DsBe)
 48557 | Spider:3 | Found a transporter.
 48801 | Spider:4 | Entered Level 4 of the Spider Nest
 48910 | Spider:4 | Acquired the +3 pair of seven-league boots {Rampage+∞}
 48910 | Spider:4 | Found the +3 pair of seven-league boots {Rampage+∞}
 49101 | Spider:4 | Identified the ring of Yrrunte {rF+ rN+ rCorr Str+3}
 49230 | Spider:4 | Noticed Arachne
 49241 | Spider:4 | Killed Arachne
 50045 | Spider:4 | Reached XP level 18. HP: 157/157 MP: 23/33
 51727 | Spider:4 | Identified the +0 hat of Courage {rElec Dex+2}
 51751 | Spider:4 | Got a gossamer rune of Zot
 52136 | Vaults:1 | Entered Level 1 of the Vaults
 52352 | Vaults:1 | Reached skill level 5 in Translocations
 52757 | Vaults:1 | Reached skill level 15 in Summonings
 54431 | Vaults:1 | Identified the +1 leather armour of Polish {Rampage rN+
                  | Int-2 SInv}
 55036 | Vaults:1 | Reached XP level 19. HP: 145/166 MP: 26/34
 55240 | Vaults:1 | Reached skill level 14 in Fighting
 57303 | Vaults:2 | Found a transporter.
 57355 | Vaults:2 | Found a transporter.
 58396 | Vaults:2 | Found Cueg's Armour Shoppe.
 58627 | Vaults:3 | Noticed a Brimstone Fiend
 58931 | Vaults:2 | Bought a potion of curing for 39 gold pieces
 58931 | Vaults:2 | Bought a potion of heal wounds for 65 gold pieces
 58931 | Vaults:2 | Bought a potion of heal wounds for 65 gold pieces
 58931 | Vaults:2 | Bought a potion of haste for 130 gold pieces
 60836 | Vaults:3 | Reached skill level 5 in Evocations
 61394 | Vaults:3 | Reached XP level 20. HP: 176/176 MP: 30/36
 61870 | Vaults:3 | Found a staircase to the Crypt.
 63285 | Vaults:3 | Reached skill level 15 in Fighting
 64128 | Vaults:4 | Bought a potion of heal wounds for 70 gold pieces
 64128 | Vaults:4 | Bought a scroll of blinking for 105 gold pieces
 65660 | Vaults:4 | Reached skill level 15 in Dodging
 66237 | Elf:1    | Entered Level 1 of the Elven Halls
 67413 | Elf:1    | Found Heox's Distillery.
 67419 | Elf:1    | Bought a potion of heal wounds for 70 gold pieces
 67419 | Elf:1    | Bought a potion of ambrosia for 112 gold pieces
 67845 | Elf:1    | Paralysed by an air elemental for 1 turns
 67850 | Elf:1    | Paralysed by an air elemental for 1 turns
 68471 | Elf:2    | Reached XP level 21. HP: 167/185 MP: 38/38
 68815 | Elf:2    | Paralysed by an air elemental for 1 turns
 68819 | Elf:2    | Paralysed by an air elemental for 1 turns
 69123 | Elf:2    | Identified the +8 whip "Hydraslayer" {flame, rN++ MP+9
                  | Str+4 Int-5}
 69473 | Elf:2    | Found a runed translucent gate.
 69473 | Elf:2    | Found a runed translucent gate.
 69473 | Elf:2    | Found a runed translucent gate.
 69939 | Elf:2    | HP: 10/237 [+1 vorpal scimitar (2)]
 71094 | Elf:2    | Bought a scroll of fog for 26 gold pieces
 71094 | Elf:2    | Bought a scroll of summoning for 123 gold pieces
 71094 | Elf:2    | Bought a scroll of fear for 45 gold pieces
 71094 | Elf:2    | Bought a scroll of fog for 26 gold pieces
 71094 | Elf:2    | Bought a scroll of summoning for 123 gold pieces
 71184 | Elf:3    | Entered Level 3 of the Elven Halls
 71289 | Elf:3    | Found a flickering gateway to a bazaar.
 71295 | Bazaar   | Entered a bazaar
 71372 | Bazaar   | Found Dyfabu's Armour Shoppe.
 71372 | Bazaar   | Found Urallait's Antique Weapon Emporium.
 71394 | Bazaar   | Found Cylamny's Jewellery Shoppe.
 71410 | Bazaar   | Found Ykhleb's Antique Weapon Emporium.
 71588 | Elf:3    | Found Bitaemacw's Antique Weapon Boutique.
 71954 | Elf:3    | Found Ugishel's Jewellery Emporium.
 73589 | Elf:3    | Reached skill level 16 in Fighting
 73842 | Elf:3    | Identified the ring of Xomum {rF- Will+ Str+9 Dex+7}
 73849 | Elf:3    | Identified the +7 bardiche of Yrghow {vamp, Stlth+}
 73910 | Elf:3    | Identified the amulet "Witof" {Spirit Harm rN+ rCorr Int-5}
 74274 | Elf:3    | Got Cigotuvi's Reference Book on Mutagenic Evil Secrets
 74710 | Depths:1 | Entered Level 1 of the Depths
 75351 | D:15     | Bought Sif Muna's Grimoire of Shape Shifting and the
                  | Entourage for 532 gold pieces
 75360 | D:15     | Learned a level 8 spell: Summon Horrible Things
 75455 | Depths:1 | Found Emoitzuc's General Store.
 75464 | Depths:1 | Bought a potion of mutation for 136 gold pieces
 75464 | Depths:1 | Bought a potion of curing for 51 gold pieces
 75489 | Depths:1 | Reached skill level 10 in Translocations
 75489 | Depths:1 | Reached XP level 22. HP: 34/195 MP: 31/39
 75919 | Depths:1 | Found a transporter.
 76225 | Depths:1 | Reached skill level 15 in Transmutations
 76349 | Depths:1 | Found a viscous altar of Jiyva.
 76349 | Depths:1 | Found a transporter.
 76478 | Depths:1 | Identified the +1 quarterstaff of a sewer {flame, rElec
                  | rCorr MP-9 Int+3}
 76866 | Depths:1 | Found a gateway to Hell.
 77048 | Depths:2 | Reached skill level 15 in Unarmed Combat
 77779 | Depths:2 | Paralysed by a floating eye for 3 turns
 77788 | Depths:2 | Gained mutation: You sometimes lose the ability to read
                  | scrolls when taking damage. [a shining eye]
 78122 | Depths:2 | Found a one-way gate leading to the halls of Pandemonium.
 78390 | Depths:1 | Gained mutation: You are weak. (Str -2) [a shining eye]
 78424 | Depths:1 | Identified the ring of Dithmenos's Anger {rC+++ rCorr MP+9
                  | Int-2 Slay-6}
 78487 | Depths:1 | Lost mutation: You sometimes lose the ability to read
                  | scrolls when taking damage. [potion of mutation]
 78487 | Depths:1 | Lost mutation: You are weak. (Str -2) [potion of mutation]
 78487 | Depths:1 | Gained mutation: You have sharp toenails. [potion of
                  | mutation]
 78487 | Depths:1 | Gained mutation: Your tail ends in a venomous barb. [potion
                  | of mutation]
 78487 | Depths:1 | Gained mutation: Your mind is acute. (Int +2) [potion of
                  | mutation]
 79362 | Depths:2 | Bought the amulet of the Air {Inacc Air Fly rElec RMsl} for
                  | 488 gold pieces
 79362 | Depths:2 | Found the amulet of the Air {Inacc Air Fly rElec RMsl}
 79482 | Depths:3 | Reached skill level 17 in Fighting
 79966 | Depths:3 | Found a one-way gate to the infinite horrors of the Abyss.
 79973 | Depths:3 | Noticed Louise
 79991 | Depths:3 | Killed Louise
 80260 | Depths:3 | Found Igaumn's Magic Scroll Shoppe.
 80299 | Depths:3 | Bought a scroll of teleportation for 63 gold pieces
 80299 | Depths:3 | Bought a scroll of teleportation for 63 gold pieces
 80299 | Depths:3 | Bought a scroll of magic mapping for 73 gold pieces
 80299 | Depths:3 | Bought a scroll of holy word for 157 gold pieces
 80299 | Depths:3 | Bought a scroll of teleportation for 63 gold pieces
 80344 | Depths:3 | Noticed a caustic shrike
 80356 | Depths:3 | Killed a caustic shrike
 80525 | Depths:3 | Noticed a caustic shrike
 80535 | Depths:3 | Killed a caustic shrike
 80571 | Depths:3 | Reached XP level 23. HP: 201/206 MP: 32/41
 80861 | Depths:3 | Identified the amulet "Cuicail" {Reflect Dex+4 SH+5}
 80914 | Depths:3 | Found a one-way gateway to a ziggurat.
 81003 | Depths:3 | Learned a level 7 spell: Dragon Form
 81015 | Depths:3 | Learned a level 9 spell: Dragon's Call
 81226 | Depths:3 | Reached skill level 10 in Evocations
 82049 | Depths:4 | Entered Level 4 of the Depths
 82183 | Depths:4 | Reached skill level 18 in Fighting
 82739 | Depths:4 | Found a gate to the Realm of Zot.
 83655 | Depths:4 | Identified the +7 demon trident of Integrity {venom, Int+4
                  | Stlth+}
 84875 | Spider:3 | Killed spaghetti's ghost
 85394 | Vaults:5 | Entered Level 5 of the Vaults
 86209 | Vaults:5 | Identified the +9 whip of Tixyavel {freeze, Int+2 Dex+4}
 86212 | Vaults:5 | Noticed a dread lich
 86416 | Vaults:4 | Killed a dread lich
 86419 | Vaults:4 | Reached skill level 15 in Spellcasting
 87022 | Vaults:5 | Noticed Boris
 87031 | Vaults:5 | Reached skill level 19 in Fighting
 87034 | Vaults:5 | Noticed a dread lich
 87040 | Vaults:5 | Killed a dread lich
 87041 | Vaults:5 | Reached XP level 24. HP: 165/221 MP: 27/42
 87045 | Vaults:5 | Killed Boris
 87281 | Vaults:5 | Noticed a dread lich
 87308 | Vaults:5 | Killed a dread lich
 87438 | Vaults:5 | Got The Advanced Guide to Spellcasting
 88301 | Vaults:5 | Got a silver rune of Zot
 88370 | Vaults:5 | Identified the amulet "Yngaqoir" {RegenMP rElec rPois Int-3
                  | SInv}
 89627 | Zot:1    | Entered Level 1 of the Realm of Zot
 89664 | Zot:1    | Bought Weidi's Catalogue of Sinister Secrets and Companions
                  | for 616 gold pieces
 89664 | Zot:1    | Bought Ozocubu's Autobiography for 336 gold pieces
 89677 | Depths:4 | Learned a level 7 spell: Summon Hydra
 91904 | Zot:1    | Reached skill level 20 in Fighting
 93405 | Zot:2    | You fall into a shaft and drop 1 floor!
 93857 | Zot:2    | Reached skill level 15 in Air Magic
 95540 | Zot:3    | Reached XP level 25. HP: 233/233 MP: 36/42
 96737 | Zot:3    | Found the +4 dragonskin cloak
 96737 | Zot:3    | Noticed Tiamat
 97390 | Zot:3    | Killed Tiamat
 99677 | Zot:4    | Acquired the ring "Wemiobia" {Will+ Slay+3 Stlth+}
101081 | Zot:5    | Entered Level 5 of the Realm of Zot
101242 | Zot:5    | Reached skill level 21 in Fighting
101689 | Zot:5    | Noticed an orb of fire
101689 | Zot:5    | Noticed a Killer Klown
101689 | Zot:5    | Noticed an orb of fire
101689 | Zot:5    | Noticed a Killer Klown
101689 | Zot:5    | Noticed an orb of fire
101697 | Zot:5    | Killed a Killer Klown
101703 | Zot:5    | Killed a Killer Klown
101711 | Zot:5    | Noticed a Killer Klown
101730 | Zot:5    | Killed a Killer Klown
101730 | Zot:5    | Noticed an orb of fire
101734 | Zot:5    | Noticed an orb of fire
101735 | Zot:5    | Noticed an orb of fire
101735 | Zot:5    | Noticed an orb of fire
101740 | Zot:5    | Killed from afar by an orb of fire

Illustrated notes

Levels and vault maps discovered:
D:1:      dpeg_arrival_pond, layout_basic, basic_ecumenical_altar,
          minmay_tetromino_s2
D:2:      layout_loops_cross, uniq_sigmund, uniq_crazy_yiuf_cottage
D:3:      layout_loops_cross
D:4:      layout_gridville, serial_shops, nicolae_square_shop
D:5:      layout_rooms, nicolae_ossuary_entry_catacombs
D:6:      layout_layer_cave, nzn_overflow_gifts_of_might_and_magic,
          minmay_temple_entry_antechambers, uniq_prince_ribbit1,
          uniq_blork_the_orc, uniq_edmund
D:7:      layout_basic, uniq_duvessa
D:8:      layout_loops_corners
D:9:      kennysheep_blocky_hall, layout_loops_ring, grunt_temple_overflow_open,
          serial_shops, shop_coins
D:10:     layout_roguey, lair_entry_dummy, zombieorc2_lemuel, uniq_sonja,
          uniq_urug, uniq_maggie, uniq_joseph
D:11:     layout_basic
D:12:     layout_gridville, minmay_gold_behind_fungi,
          minmay_guarded_unrand_variability
D:13:     layout_loops_cross, grunt_vaults_entry_fortified, uniq_snorg
D:14:     layout_basic, skrybe_limestone_x
D:15:     grunt_enter_depths_snipers, layout_long_grid, hangedman_decor_points,
          drop_trap, kennysheep_orc_sif_temple, uniq_roxanne
Temple:   eino_temple_water
Lair:1:   layout_regular_city, cheibrodos_lair_caveside_slide, minmay_holes,
          chequers_serial_rivers_micro_d
Lair:2:   layout_loops_ring, nicolae_spider_entry_tight_spaces
Lair:3:   layout_chaotic_city, ebering_ghost_disaster_area,
          lemuel_centaur_altar, uniq_fannar
Lair:4:   cheibrodos_lair_river_kwai, layout_gridlike,
          nicolae_swamp_entry_splash_gauntlet, maelrawn_ghost_gauntlet_escape,
          grunt_forest_large_clearings, grunt_megastairs_4,
          infiniplex_staircase_pool
Lair:5:   layout_cave_pods, portal_ice_cave_entry_ice_simulacra, serial_forest,
          infiniplex_forest_lined_corner, infiniplex_forest_corner_2,
          infiniplex_forest_lined_corner, infiniplex_forest_clump_curved
Lair:6:   evilmike_catoblepas_cave, layout_cave_pods, slime_altar_1,
          ebering_ghost_inner_flame
Swamp:1:  layout_basic_swamp, hangedman_swamp_cone
Swamp:2:  layout_basic_swamp, evilmike_swamp_ruin_rubble_1,
          nicolae_swamp_spriggan_camp
Swamp:3:  layout_basic_swamp, hangedman_swamp_lotus
Swamp:4:  swamp_fiery, layout_basic_swamp
Spider:1: layout_spider_delve
Spider:2: layout_spider_delve, nicolae_spider_swamp_cousins
Spider:3: nicolae_spider_hall_of_the_moth_king, nzn_ghost_randoct, uniq_aizul,
          uniq_mara
Spider:4: spider_rune_water, uniq_arachne
Orc:1:    layout_diamond_mine, basic_altar
Orc:2:    st_orc_ogre_mass, layout_caves, serial_shops, shop,
          nicolae_orc_damp_corner, nicolae_orc_rockfall, uniq_saint_roka
Elf:1:    nicolae_elf_arrival_fired_up, layout_geoelf_diagonals, serial_shops,
          shop, minivault_28, kilobyte_rumbling_trees
Elf:2:    nicolae_elf_blades_splatter_lattice [nooodl_blade_entry_preview],
          layout_loops_cross, eino_tiny_chamber, palyth_stone_intersect
Elf:3:    minmay_elf_hall_four_x, layout_gridlike, serial_shops, bzr_entry_safe,
          shop, shop_fountains
Vaults:1: v_misc_13, grunt_vaults_funnel, st_check, hangedman_vaults_stitches,
          hangedman_vaults_corner_blocks, nicolae_vaults_network_periphery,
          hangedman_vaults_hat, hangedman_vaults_maws,
          nicolae_vaults_little_squares_4, ontoclasm_vaults_fault,
          nicolae_vaults_theta, vaults_standard_mumra_enter_the_diamond,
          vaults_mumra_lcd, grunt_vaults_focal, layout_vaults_big_cross
Vaults:2: gammafunk_dig_for_victory, v_alt_pattern_2, nicolae_vaults_network_s,
          v_misc_31, v_misc_16, vaults_room_pool, hangedman_vaults_maws,
          v_rooms_5, hangedman_vaults_restitches, nicolae_vaults_gold_heap,
          hangedman_vaults_stretched_pinwheel, v_misc_17,
          ontoclasm_vaults_decontamination, vaults_room_semicircle,
          nicolae_vaults_little_squares_5, layout_vaults_maze, serial_shops,
          shop
Vaults:3: hangedman_vaults_capsules, vaults_mumra_hexcomb, vaults_mumra_hex,
          minmay_crypt_entry_skeletal_spiral, ontoclasm_vaults_bender,
          st_smaller_cells, nicolae_vaults_rhombus_7, ontoclasm_vaults_chip,
          layout_vaults_quadrants
Vaults:4: nicolae_vaults_inception_statues, vaults_room_boxed,
          nicolae_vaults_sealed_display, nicolae_vaults_big_ls,
          nicolae_vaults_diagonal_hallway_8, nicolae_vaults_asterisk,
          vaults_dpeg_encased_lava, layout_vaults_chaotic_city
Vaults:5: uniq_boris
Depths:1: gammafunk_jiyva_shrine, layout_cave_pools, grunt_hell_entry_dis_grunt,
          kennysheep_nub, serial_shops, shop, horrible_house_mu
Depths:2: minmay_sliced_demisemicircle, layout_gridville, dk_noncrumbling_4,
          nicolae_hell_entry_hellmouth_sunbeams, rand_demon_pan_entry_4,
          dreamdust_looks_like_rain
Depths:3: grunt_double_whammy, layout_basic, enter_ziggurat_d, hell_entry,
          serial_shops, nicolae_shop_advertising_works
          [nicolae_subvault_shop_adworks],
          nicolae_abyss_entry_one_way_or_another,
          hangedman_decor_diamond_cutter, minmay_swirly_circle,
          infiniplex_staircase_trident
Depths:4: grunt_x_marks_the_spot, layout_honeycomb, hellmouth_1
Zot:1:    lemuel_firehouse, layout_cathedral_of_symmetry
Zot:2:    layout_cathedral_of_symmetry, grunt_megastairs_5
Zot:3:    lemuel_draconian_sentries_small, layout_gridlike, uniq_tiamat
Zot:4:    layout_gridlike
Zot:5:    layout_twisted_circle

Skill      XL: |  1  2  3  4  5  6  7  8  9 10 11 12 13 14 15 16 17 18 19 20 21 22 23 24 25 |
---------------+----------------------------------------------------------------------------+-----
Summonings     | 5 7 8 9 10 11 12 13 14 15 16 17 18 19 | 19.4
Fighting       | 1 3 4 6 7 8 9 10 11 12 13 14 15 16 17 19 20 21 | 21.0
Dodging        | 2 3 4 5 6 7 8 9 10 11 12 13 14 15 16 17 18 | 18.6
Unarmed Combat | 1 3 4 5 6 7 8 9 10 11 12 13 14 15 16 17 | 17.6
Transmutations | 1 3 4 5 6 7 8 9 10 11 12 13 14 15 16 17 | 17.7
Air Magic      | 1 3 4 5 6 7 9 10 11 12 13 14 15 | 15.7
Spellcasting   | 3 4 5 6 7 8 9 10 11 12 13 14 15 16 | 16.4
Evocations     | 1 3 5 7 8 9 10 | 10.0
Shields        | 3 5 7 |  7.0
Earth Magic    | 3 5 6 7 |  7.0
Translocations | 1 4 5 7 8 10 11 | 11.0
Stealth        | |  1.7

Action                   |  1- 3 |  4- 6 |  7- 9 | 10-12 | 13-15 | 16-18 | 19-21 | 22-24 | 25-27 || total
-------------------------+-------+-------+-------+-------+-------+-------+-------+-------+-------++-------
Melee: Dagger            |    64 |    49 |   108 |    34 |       |       |       |       |       ||   255
       Tailslap          |     5 |     4 |    19 |    31 |    69 |   102 |   153 |    16 |     3 ||   402
       Punch             |     1 |       |     1 |    12 |     4 |     7 |    22 |   136 |    29 ||   212
       Halberd           |       |       |    12 |       |       |       |       |       |       ||    12
       Trident           |       |       |    20 |    90 |       |       |       |       |       ||   110
       Staff             |       |       |       |   108 |   337 |   389 |   566 |    47 |    15 ||  1462
       Unarmed           |       |       |       |       |    26 |    62 |   236 |  1031 |   236 ||  1591
       Long sword        |       |       |       |       |       |    12 |       |       |       ||    12
 Cast: Summon Small Mamm |    13 |       |       |       |       |       |       |       |       ||    13
       Call Imp          |     6 |     5 |    13 |     9 |     4 |       |       |       |       ||    37
       Call Canine Famil |       |    24 |    31 |    61 |    71 |    31 |    34 |       |       ||   252
       Summon Lightning  |       |       |    13 |    68 |   191 |   163 |   109 |    54 |    17 ||   615
       Summon Cactus Gia |       |       |       |       |    73 |   207 |   213 |    81 |    41 ||   615
       Storm Form        |       |       |       |       |     1 |     3 |    30 |    97 |    33 ||   164
       Summon Forest     |       |       |       |       |       |    37 |    40 |       |       ||    77
       Statue Form       |       |       |       |       |       |     2 |     1 |       |       ||     3
       Blade Hands       |       |       |       |       |       |     1 |       |       |       ||     1
       Apportation       |       |       |       |       |       |     3 |       |       |       ||     3
       Summon Horrible T |       |       |       |       |       |       |       |     2 |     1 ||     3
       Dragon Form       |       |       |       |       |       |       |       |     2 |       ||     2
       Summon Hydra      |       |       |       |       |       |       |       |     7 |    14 ||    21
Invok: Call Merchant     |       |       |       |     1 |     1 |     1 |     4 |     3 |       ||    10
       Bribe Branch      |       |       |       |       |       |       |       |       |     1 ||     1
 Abil: Breathe Fire      |       |       |    23 |    22 |    35 |    15 |    22 |     3 |       ||   120
       Blinkbolt         |       |       |       |       |     2 |     2 |    21 |    42 |     2 ||    69
Evoke: Wand              |       |       |       |       |       |       |       |       |     1 ||     1
  Use: Scroll            |       |       |     8 |     8 |    14 |     7 |     5 |     5 |     5 ||    52
       Potion            |       |       |       |       |       |     2 |     2 |     3 |     1 ||     8
 Stab: Sleeping          |       |     2 |       |       |       |       |     1 |       |     1 ||     4
       Distracted        |       |     1 |     1 |     6 |     4 |    10 |    13 |    14 |     5 ||    54
       Confused          |       |       |       |     1 |       |       |       |       |       ||     1
Armor: Skin              |    17 |    37 |    43 |    88 |   222 |   356 |   296 |   209 |    39 ||  1307
Dodge: Dodged            |    40 |    60 |   123 |   321 |   475 |   653 |   744 |  1072 |   279 ||  3767
       Repelled          |       |       |       |     2 |     7 |    15 |    21 |    16 |       ||    61
Block: Buckler           |       |       |       |    14 |    90 |   348 |   302 |    37 |    18 ||   809
       Other             |       |       |       |       |       |       |       |    18 |    20 ||    38

Table legend: (Time is in decaauts)
 A = Elapsed time spent in this place.
 B = Non-inter-level travel time spent in this place.
 C = Inter-level travel time spent in this place.
 D = Time resting spent in this place.
 E = Time spent auto-exploring this place.
 F = Levels seen in this place.
 G = Mean time per level.
                   A        B        C        D        E       F      G
               +--------+--------+--------+--------+--------+-----+--------+
         Total | 102321 |  97696 |   4625 |  15864 |  61337 |  52 | 1967.7 |
       Dungeon |  21572 |  19386 |   2186 |   1260 |  14639 |  15 | 1438.1 |
        Temple |    261 |    229 |     32 |      0 |    198 |   1 |  261.0 |
          Lair |  12182 |  11362 |    820 |   1162 |   7981 |   6 | 2030.3 |
         Swamp |   5775 |   5701 |     74 |   1034 |   3295 |   4 | 1443.8 |
   Spider Nest |   9651 |   9406 |    245 |   2539 |   5022 |   4 | 2412.8 |
  Orcish Mines |   4851 |   4675 |    176 |    915 |   2681 |   2 | 2425.5 |
   Elven Halls |   7943 |   7750 |    193 |   1626 |   4171 |   3 | 2647.7 |
        Vaults |  17518 |  17014 |    504 |   2125 |  11154 |   5 | 3503.6 |
        Depths |   9922 |   9661 |    261 |   2186 |   5725 |   4 | 2480.5 |
           Zot |  11267 |  11135 |    132 |   2970 |   5632 |   5 | 2253.4 |
        Bazaar |    242 |    242 |      0 |      0 |    131 |   1 |  242.0 |
       Ossuary |    148 |    148 |      0 |      0 |     89 |   1 |  148.0 |
      Ice Cave |    984 |    984 |      0 |     46 |    616 |   1 |  984.0 |
               +--------+--------+--------+--------+--------+-----+--------+

Top non-repeatable levels by time:
Vaults:2: 4868 daAuts
   Zot:2: 4111 daAuts
Vaults:3: 3787 daAuts
Vaults:1: 3273 daAuts
Depths:4: 3190 daAuts
Spider:4: 3154 daAuts
Vaults:4: 3054 daAuts
  Lair:4: 3004 daAuts
   Elf:3: 2987 daAuts
  Lair:6: 2824 daAuts
   Elf:2: 2748 daAuts
Depths:3: 2646 daAuts
   Orc:1: 2612 daAuts
Vaults:5: 2534 daAuts
Spider:1: 2430 daAuts
